Map: Néo-Gettysburg EC

Players

zidar

  • Race: Zerg Zerg
  • League: Platinum
  • Spawn Location: 5:00

Rayback - Winner!

  • Race: Zerg Zerg
  • League: Platinum
  • Spawn Location: 7:00

VOD

Have the link to the VOD?

Description

Time

  • Played on: Nov. 3, 2016, 12:28 p.m.
  • Length: 6:23
Show
View Real Time Build Order
Export as new Build Order

zidar Zerg 

Build Orders: Pool First 

Get SALT Encoding   

  12  0:02  Drone  
  13  0:13  Overlord  
  13  0:18  Drone  
  14  0:33  Drone x2  
  16  0:45  Spawning Pool  
  16  0:46  Drone  
  16  0:50  Extractor  
  16  0:52  Drone  
  16  1:15  Hatchery  
  15  1:26  Drone  
  16  1:32  Queen  
  18  1:42  Zergling x2  
  18  1:43  Zergling x2  
  20  1:52  Overlord  
  20  2:05  Zergling x2  
  21  2:08  Pneumatized Carapace  
  20  2:38  Evolution Chamber  
  20  2:41  Baneling Nest  
  20  2:43  Queen  
  20  2:47  Drone x2  
  20  2:48  Drone  
  23  3:19  Drone x6  
  29  3:24  Baneling x3  
  29  3:26  Baneling  
  29  3:47  Lair  
  29  3:50  Extractor  
  29  3:54  Extractor  
  27  3:56  Extractor  
  21  4:06  Zergling x6  
  21  4:07  Zergling x8  
  14  4:41  Baneling  
  14  4:42  Baneling  
  14  4:44  Zergling x2  
  14  4:45  Zergling x6  
  18  4:59  Drone x2  
  20  5:06  Baneling  
  20  5:09  Baneling  
  14  5:34  Zergling x6  
  14  5:39  Drone  
  15  5:54  Baneling  
Show
View Real Time Build Order
Export as new Build Order

Rayback Zerg - Winner!

Build Orders: Pool First 

Get SALT Encoding   

  12  0:04  Drone  
  13  0:16  Drone  
  14  0:39  Spawning Pool  
  13  0:43  Overlord  
  13  0:47  Drone  
  14  0:59  Extractor  
  13  1:11  Hatchery  
  12  1:15  Drone  
  12  1:16  Drone  
  12  1:17  Drone  
  15  1:29  Drone  
  16  1:42  Drone  
  16  1:43  Queen  
  19  1:50  Overlord  
  19  2:02  Drone  
  20  2:16  Metabolic Boost  
  20  2:25  Baneling Nest  
  19  2:32  Drone x4  
  23  2:41  Overlord  
  23  2:45  Zergling x4  
  25  2:58  Zergling x2  
  25  2:59  Zergling x6  
  29  3:09  Zergling x4  
  31  3:21  Baneling x4  
  31  3:23  Zergling x2  
  31  3:24  Zergling x4  
  34  3:39  Zergling x10  
  39  3:46  Overlord  
  39  3:59  Zergling x2  
  39  4:00  Zergling x6  
  41  4:18  Zergling x2  
  41  4:20  Zergling x2  
  41  4:21  Zergling x4  
  44  4:29  Zergling x2  
  37  4:46  Baneling x3  
  37  4:47  Zergling x8  
  37  5:10  Baneling x2  
  33  5:35  Zergling x14  
  32  5:36  Zergling x4  
  38  5:47  Zergling x4  
Tags
 
Add a new tag
Caveats
  • Supply blocks, unpowered buildings, or Contaminate may cause inaccurate times.
  • Supply counts are checked every 10 seconds.